 Dungeon Crawl Stone Soup version 0.30-a0-373-gd37427bb62 (webtiles) character file.

Game seed: 3920261304451203605

8 nomicflux the Digger (level 2, -2/23 HPs)
             Began as a Draconian Earth Elementalist on Nov 23, 2022.
             Slain by a jackal (3 damage)
             ... on level 1 of the Dungeon.
             The game lasted 00:01:11 (220 turns).

nomicflux the Digger (Draconian Earth Elementalist)  Turns: 220, Time: 00:01:12

Health: -2/23      AC:  4    Str: 10    XL:     2   Next: 0%
Magic:  2/5        EV: 12    Int: 15    God:
Gold:   0          SH:  0    Dex: 11    Spells: 4/5 levels left

rFire   . . .      SeeInvis .    (no weapon)
rCold   . . .      Faith    .    (no shield)
rNeg    . . .      Spirit   .    (body armour unavailable)
rPois   .          Reflect  .    (helmet restricted)
rElec   .          Harm     .    (no cloak)
rCorr   .          Rampage  .    (no gloves)
Will    .....                    (no boots)
Stlth   ++........               (no amulet)
HPRegen 0.23/turn                (no ring)
MPRegen 0.09/turn                (no ring)

@: no status effects
A: AC +4, unfitting armour, cold-blooded
a: no special abilities


You were on level 1 of the Dungeon.
You visited 1 branch of the dungeon, and saw 1 of its levels.

Inventory:

Potions
 a - a potion of magic


   Skills:
 + Level 1.2 Fighting
 - Level 1.7 Dodging
 - Level 1.7 Stealth
 - Level 2.0 Spellcasting
 - Level 1.0 Transmutations
 + Level 3.3 Earth Magic


You had 4 spell levels left.
You knew the following spells:

 Your Spells              Type           Power      Damage    Failure   Level
a - Sandblast             Erth           22%        2d7       6%          1

Your spell library contained the following spells:

 Spells                   Type           Power      Damage    Failure   Level
 Passwall                 Tmut/Erth      5%         N/A       14%         2
 Stone Arrow              Conj/Erth      12%        3d7       34%         3
 Petrify                  Tmut/Erth      7%         N/A       67%         4


Dungeon Overview and Level Annotations

Branches:
Dungeon (1/15)

Altars:


Innate Abilities, Weirdness & Mutations

Your plain brown scales are hard. (AC +4)
You cannot fit into any form of body armour.
You are cold-blooded and may be slowed by cold attacks.


Message History

The jackal misses you.
The jackal bites you but does no damage.
You see here 4 stones.
The jackal attacks as you move away!
The jackal bites you but does no damage.
The jackal bites you but does no damage.
The jackal attacks as you move away!
The jackal bites you but does no damage.
The jackal attacks as you move away!
The jackal bites you but does no damage.
The jackal attacks as you move away! The jackal barely misses you.
The jackal bites you but does no damage.
The jackal barely misses you. The jackal closely misses you.
The jackal attacks as you move away! The jackal barely misses you.
The jackal attacks as you move away! The jackal bites you.
The jackal completely misses you. The jackal barely misses you.
The jackal closely misses you. The jackal barely misses you.
The jackal attacks as you move away!
The jackal bites you but does no damage.
The jackal stops to sniff the ground.
The jackal bites you. The jackal attacks as you move away!
The jackal bites you. The jackal attacks as you move away!
The jackal closely misses you. The jackal bites you.
The jackal closely misses you. The jackal attacks as you move away!
The jackal bites you but does no damage.
The jackal attacks as you move away! The jackal bites you.
* * * LOW HITPOINT WARNING * * *
The jackal bites you but does no damage.
The jackal barely misses you. The jackal attacks as you move away!
The jackal misses you. The jackal barely misses you.
The jackal closely misses you. The jackal attacks as you move away!
The jackal bites you.
* * * LOW HITPOINT WARNING * * *
The jackal attacks as you move away! The jackal bites you.
* * * LOW HITPOINT WARNING * * *
The jackal closely misses you. The jackal attacks as you move away!
The jackal bites you.
You die...

.#..........## #8...8#
#.............## ##...##
#..............# #...#
##..............# ##w..##
................# #8...8#
................#####...##
..............r.##.†....#
...............##..######
......[.......hh@.##
.......###.###....#
....>..# #........###
######## ##.###.#...#
#.....#.#.##
###.#.#.###..##
#.........##..#
#.#.#.#.#.###.#
...#.#.......#


You could see 2 jackals.

Vanquished Creatures
  An endoplasm (D:1)
  A goblin (D:1)
  A hobgoblin (D:1)
  2 jackals (D:1)
  A bat (D:1)
  A rat (D:1)
7 creatures vanquished.

Notes
Turn   | Place    | Note
-------+----------+-------------------------------------------
     0 | D:1      | nomicflux the Draconian Earth Elementalist began the quest
                  | for the Orb.
     0 | D:1      | Reached XP level 1. HP: 14/14 MP: 3/3
   153 | D:1      | Reached skill level 1 in Fighting
   188 | D:1      | Reached XP level 2. HP: 7/23 MP: 1/5
   219 | D:1      | HP: 1/23 [jackal (3)]
   220 | D:1      | Slain by a jackal

Illustrated notes

Levels and vault maps discovered:
D:1:      roderic_chinese_lattice_arrival, layout_rooms, serial_corexii_hall,
          corexii_hall_statues_x, chequers_hall_statues_y

Skill      XL: |  1 |
---------------+----+-----
Fighting       | 1 |  1.2
Dodging        | |  1.7
Stealth        | |  1.7
Spellcasting   | |  2.0
Transmutations | |  1.0
Earth Magic    | |  3.3

Action                   || total
-------------------------++-------
Melee: Unarmed           ||     3
 Cast: Sandblast         ||    11
Armor: Skin              ||    30
Dodge: Dodged            ||    65

Table legend: (Time is in decaauts)
 A = Elapsed time spent in this place.
 B = Non-inter-level travel time spent in this place.
 C = Inter-level travel time spent in this place.
 D = Time resting spent in this place.
 E = Time spent auto-exploring this place.
 F = Levels seen in this place.
 G = Mean time per level.
                   A        B        C        D        E       F      G
               +--------+--------+--------+--------+--------+-----+--------+
         Total |    225 |    225 |      0 |     11 |     95 |   1 |  225.0 |
       Dungeon |    225 |    225 |      0 |     11 |     95 |   1 |  225.0 |
               +--------+--------+--------+--------+--------+-----+--------+

Top non-repeatable levels by time:
     D:1: 225 daAuts
